[Event "Titled Tuesday Blitz April 25 Early 2023"]
[White "Lenaerts, Lennert"]
[Black "Grigorov, Grigor"]
[WhiteFideId "211435"]
[BlackFideId "2907313"]
[WhiteElo "2334"]
[BlackElo "2510"]
[Result "1/2-1/2"]
[Round "04"]
[TimeControl "180+2"]
[Date "2023.04.25"]
[WhiteClock "0:00:45"]
[BlackClock "0:00:04"]

1. d4 Nf6 2. c4 e6 3. Nc3 Bb4 4. g3 c5 5. Nf3 cxd4 6. Nxd4 Ne4 7. Qd3 Bxc3+ 8. bxc3 Nc5 9. Qe3 b6 10. Bg2 Bb7 11. Bxb7 Nxb7 12. Ba3 Na6 13. O-O Nac5 14. Rfd1 O-O 15. Nb5 Qf6 16. Nd6 Rfd8 17. Nxb7 Nxb7 18. Rd4 Na5 19. Rad1 Rac8 20. Qd3 h6 21. Rxd7 Rxd7 22. Qxd7 Rxc4 23. Bb4 Qf5 24. Qxa7 Nc6 25. Qa6 b5 26. a4 Nxb4 27. cxb4 Rxb4 28. a5 Rb1 29. Qa8+ Kh7 30. Rxb1 Qxb1+ 31. Kg2 b4 32. a6 b3 33. a7 b2 34. Qb7 Qa2 35. Qe4+ g6 36. Qb7 Kg7 37. Qxb2+ Qxb2 38. a8=Q Qxe2 39. Qa1+ e5 40. Qc3 Qe4+ 41. Kg1 Qd4 42. Qc2 h5 43. h4 e4 44. Qb3 Kf6 45. Qa3 Qd5 46. Qe3 Qd1+ 47. Kg2 Qd5 48. Qf4+ Ke6 49. Qe3 Qd3 50. Qb6+ Qd6 51. Qe3 Qd5 52. Kh2 Kf5 53. Qg5+ Ke6 54. Qe3 Qe5 55. Kg2 Kf6 56. Qb6+ Kg7 57. Qe3 Qf5 58. Qd4+ Kh7 59. Qe3 Qg4 60. Qb3 Qf5 61. Qe3 Qd5 62. Kh2 Kg7 63. Qc3+ Kf8 64. Qc8+ Ke7 65. Qc3 Ke6 66. Qe3 1/2-1/2


[Site "https://www.chess.com"]

[Event "Titled Tuesday Blitz April 25 Early 2023"]
[White "Kukhmazov, Arsen"]
[Black "Juhasz, Agoston"]
[WhiteFideId "24108260"]
[BlackFideId "778346"]
[WhiteElo "2396"]
[BlackElo "2211"]
[Result "1-0"]
[Round "04"]
[TimeControl "180+2"]
[Date "2023.04.25"]
[WhiteClock "0:02:00"]
[BlackClock "0:00:47"]

1. Nf3 b6 2. g3 Bb7 3. Bg2 c5 4. O-O Nf6 5. c4 g6 6. b3 Bg7 7. Bb2 O-O 8. Nc3 d5 9. cxd5 Nxd5 10. Qc2 Nb4 11. Qb1 N8c6 12. a3 Nd5 13. e3 Nxc3 14. Bxc3 e5 15. Rd1 Qe7 16. b4 Rfd8 17. Qb2 f6 18. bxc5 Qxc5 19. d4 exd4 20. Nxd4 Nxd4 21. Bxd4 Qe7 22. Bxb7 Qxb7 23. Bxf6 Rxd1+ 24. Rxd1 Qf3 25. Qb3+ Kh8 26. Bxg7+ Kxg7 27. Rd7+ Kh6 28. Qc4 g5 29. Qe6+ 1-0


[Site "https://www.chess.com"]

[Event "Titled Tuesday Blitz April 25 Early 2023"]
[White "Skliarov, Viktor"]
[Black "Smirnov, Pavel"]
[WhiteFideId "14106736"]
[BlackFideId "4123425"]
[WhiteElo "2317"]
[BlackElo "2519"]
[Result "1/2-1/2"]
[Round "04"]
[TimeControl "180+2"]
[Date "2023.04.25"]
[WhiteClock "0:02:13"]
[BlackClock "0:01:42"]

1. e4 e5 2. Nc3 Nf6 3. Bc4 Nxe4 4. Qh5 Nd6 5. Bb3 Be7 6. Qxe5 O-O 7. d4 Nc6 8. Qf4 Na5 9. Bd5 c6 10. Bf3 b5 11. Nge2 b4 12. Ne4 Nxe4 13. Bxe4 Ba6 14. Qf3 d5 15. Bd3 Bxd3 16. Qxd3 Bd6 17. O-O Re8 18. Bf4 Bxf4 19. Nxf4 Qd6 20. g3 1/2-1/2


[Site "https://www.chess.com"]

[Event "Titled Tuesday Blitz April 25 Early 2023"]
[White "Beerdsen, Thomas"]
[Black "Golichenko, Ilija"]
[WhiteFideId "1030108"]
[BlackFideId "14117223"]
[WhiteElo "2547"]
[BlackElo "2339"]
[Result "0-1"]
[Round "04"]
[TimeControl "180+2"]
[Date "2023.04.25"]
[WhiteClock "0:00:03"]
[BlackClock "0:00:13"]

1. e4 Nf6 2. Nc3 d5 3. exd5 Nxd5 4. Qf3 c6 5. Bc4 e6 6. Nge2 Be7 7. b3 O-O 8. Bb2 Bf6 9. O-O-O Nd7 10. Qg3 Ne5 11. Nxd5 exd5 12. Bxe5 dxc4 13. bxc4 Bxe5 14. Qxe5 Re8 15. Qh5 Qf6 16. Nc3 g6 17. Qh6 b5 18. cxb5 cxb5 19. Kb1 Bf5 20. g4 b4 21. Na4 Bxg4 22. Rde1 Qxf2 23. Ref1 Qd4 24. Nb2 a5 25. Nd3 Rac8 26. Rf4 Qd5 27. Rhf1 Be6 28. Nc1 Qc5 29. Ka1 Qxc2 30. R4f3 a4 31. Qe3 b3 32. Qd4 Red8 33. Qb2 Qxb2+ 34. Kxb2 Rxd2+ 35. Ka3 b2 36. Nd3 Rc3+ 37. Kxa4 Rcxd3 38. Rxd3 Rxd3 39. Rb1 Rd2 40. Rxb2 Rxb2 0-1


[Site "https://www.chess.com"]

[Event "Titled Tuesday Blitz April 25 Early 2023"]
[White "Mekhitarian, Krikor Sevag"]
[Black "Danielyan, Vahe"]
[WhiteFideId "2107660"]
[BlackFideId "13304828"]
[WhiteElo "2604"]
[BlackElo "2423"]
[Result "1-0"]
[Round "04"]
[TimeControl "180+2"]
[Date "2023.04.25"]
[WhiteClock "0:00:02"]
[BlackClock "0:00:02"]

1. Nf3 Nf6 2. c4 e6 3. Nc3 d5 4. e3 Be7 5. b3 Nbd7 6. Bb2 O-O 7. d4 c5 8. cxd5 exd5 9. Be2 b6 10. O-O Bb7 11. Rc1 Re8 12. Bd3 a6 13. Bf5 Qc7 14. dxc5 bxc5 15. b4 c4 16. a3 Rad8 17. h3 Nf8 18. Re1 Ne6 19. Ne2 Bd6 20. Bxf6 gxf6 21. Bb1 Nf8 22. Nfd4 Ng6 23. Nf5 Bf8 24. Ned4 Re5 25. h4 Rde8 26. h5 Ne7 27. Nxe7+ Qxe7 28. Qc2 f5 29. Nxf5 Qg5 30. Ng3 Qg7 31. Qd1 Rg5 32. Qf3 Bc8 33. h6 Qxh6 34. Nf5 Qf6 35. Nd4 Qg7 36. g3 Bg4 37. Qg2 Bd6 38. Bc2 h5 39. Bd1 h4 40. Bxg4 Rxg4 41. Nf5 Qg6 42. Nxh4 Qh5 43. Rcd1 Kg7 44. Nf3 Rh8 45. Nd4 1-0


[Site "https://www.chess.com"]

[Event "Titled Tuesday Blitz April 25 Early 2023"]
[White "Isajevsky, Anton"]
[Black "Azarov, Sergei"]
[WhiteFideId "4142500"]
[BlackFideId "13501470"]
[WhiteElo "2510"]
[BlackElo "2475"]
[Result "0-1"]
[Round "04"]
[TimeControl "180+2"]
[Date "2023.04.25"]
[WhiteClock "0:00:08"]
[BlackClock "0:00:38"]

1. Nf3 Nf6 2. c4 e6 3. Nc3 Bb4 4. Qc2 O-O 5. a3 Bxc3 6. Qxc3 d6 7. b4 e5 8. Bb2 c5 9. d3 b6 10. e3 Nc6 11. Be2 Re8 12. O-O Bg4 13. h3 Bh5 14. Rfe1 Qc7 15. g4 Bg6 16. Nh4 d5 17. cxd5 Nxd5 18. Qc4 Rad8 19. Rac1 Qe7 20. Nxg6 hxg6 21. bxc5 Na5 22. Qa4 Qh4 23. Bf1 f5 24. cxb6 axb6 25. Bg2 Nf6 26. Qb5 fxg4 27. Bxe5 gxh3 28. Bg3 Qh6 29. Bf3 Rf8 30. Qxb6 Nh5 31. Bxh5 Qxh5 0-1


[Site "https://www.chess.com"]

[Event "Titled Tuesday Blitz April 25 Early 2023"]
[White "Shomoev, Anton"]
[Black "Odegov, Artem"]
[WhiteFideId "4135148"]
[BlackFideId "34183644"]
[WhiteElo "2451"]
[BlackElo "2300"]
[Result "1/2-1/2"]
[Round "04"]
[TimeControl "180+2"]
[Date "2023.04.25"]
[WhiteClock "0:01:04"]
[BlackClock "0:00:21"]

1. d4 d5 2. c4 e6 3. Nc3 c5 4. cxd5 exd5 5. Nf3 Nc6 6. dxc5 d4 7. Ne4 Nf6 8. Nd6+ Bxd6 9. cxd6 Qxd6 10. e3 Qb4+ 11. Bd2 Qxb2 12. exd4 O-O 13. Be2 Nxd4 14. Nxd4 Qxd4 15. O-O Be6 16. Be3 Qxd1 17. Rfxd1 b6 18. a4 Rad8 19. Rxd8 Rxd8 20. a5 bxa5 21. Rxa5 Nd5 22. Bxa7 Nc3 23. Bf3 Bd5 24. Bb6 Re8 25. Be3 Bxf3 26. gxf3 Rc8 27. Kf1 h6 28. Bd2 Nb1 29. Be1 Rc2 30. Ra1 Nd2+ 31. Bxd2 Rxd2 1/2-1/2


[Site "https://www.chess.com"]

[Event "Titled Tuesday Blitz April 25 Early 2023"]
[White "djokovic74"]
[Black "Bacallao Alonso, Yusnel"]
[BlackFideId "3507416"]
[WhiteElo "2588"]
[BlackElo "2561"]
[Result "1-0"]
[Round "04"]
[TimeControl "180+2"]
[Date "2023.04.25"]
[WhiteClock "0:00:06"]
[BlackClock "0:00:06"]

1. e4 c6 2. Nf3 d5 3. Nc3 dxe4 4. Nxe4 Nf6 5. Qe2 Bf5 6. Nxf6+ gxf6 7. d4 Qd5 8. c3 Nd7 9. g3 Qe4 10. Be3 e5 11. Bg2 Qd3 12. Qxd3 Bxd3 13. O-O-O Bg6 14. Rhe1 Bg7 15. dxe5 fxe5 16. Bh3 Nb6 17. Bxb6 axb6 18. Nxe5 Kf8 19. Nd7+ Kg8 20. f4 h5 21. f5 Bh7 22. Nxb6 Bh6+ 23. Kc2 Ra5 24. Rd8+ Kg7 25. Rxh8 Kxh8 26. Re7 Kg8 27. Rxb7 Bxf5+ 28. Bxf5 Rxf5 29. a4 Be3 30. Nc4 Bg1 31. a5 Rc5 32. Kb3 Rd5 33. a6 Rd1 34. Ka2 Rf1 35. a7 Bxa7 36. Rxa7 Rf2 37. Rc7 Rxh2 38. Rxc6 Rg2 39. Ka3 Rxg3 40. Nd6 Rg5 41. Rc4 Kg7 42. b4 Rg6 43. Nf5+ Kf6 44. Ne3 Rg3 45. Nd5+ Ke5 46. Nc7 Kd6 47. Rc5 h4 48. Nb5+ Ke6 49. Rh5 h3 50. Kb3 Kf6 51. Nd4 Kg6 52. Rh8 Kg7 53. Nf5+ Kxh8 54. Nxg3 h2 55. b5 f5 56. Nh1 f4 57. b6 1-0


[Site "https://www.chess.com"]

[Event "Titled Tuesday Blitz April 25 Early 2023"]
[White "Moksh Amit Doshi"]
[Black "Molina, Roberto Junio Brito"]
[WhiteFideId "25064967"]
[BlackFideId "2109450"]
[WhiteElo "2297"]
[BlackElo "2376"]
[Result "0-1"]
[Round "04"]
[TimeControl "180+2"]
[Date "2023.04.25"]
[WhiteClock "0:00:11"]
[BlackClock "0:00:26"]

1. d4 d5 2. c4 c6 3. Nf3 Nf6 4. cxd5 cxd5 5. Nc3 Qb6 6. Bf4 Qxb2 7. Rc1 Nc6 8. e3 a6 9. Bd3 Qa3 10. O-O e6 11. Ne5 Nxe5 12. Bxe5 Bd7 13. Nb1 Qxa2 14. Rc7 Qb2 15. Nd2 Rc8 16. Rxc8+ Bxc8 17. Qe2 Bb4 18. Rd1 Bd7 19. h3 Ba4 20. Bxf6 gxf6 0-1


[Site "https://www.chess.com"]

[Event "Titled Tuesday Blitz April 25 Early 2023"]
[White "Vakhlamov, Igor L."]
[Black "Cori T., Deysi"]
[WhiteFideId "24126748"]
[BlackFideId "3801934"]
[WhiteElo "2400"]
[BlackElo "2292"]
[Result "1-0"]
[Round "04"]
[TimeControl "180+2"]
[Date "2023.04.25"]
[WhiteClock "0:00:16"]
[BlackClock "0:00:11"]

1. e4 g6 2. d4 Bg7 3. Nf3 c6 4. Nc3 d5 5. Bd3 Bg4 6. Be3 dxe4 7. Nxe4 Nd7 8. O-O Ngf6 9. h3 Bxf3 10. Qxf3 O-O 11. Rad1 Qa5 12. a3 Rad8 13. Rfe1 Nxe4 14. Qxe4 Rfe8 15. c3 Qd5 16. Qh4 Qb3 17. Rd2 e5 18. Bc2 Qc4 19. Bd1 exd4 20. cxd4 Nb6 21. Be2 Qa4 22. Red1 Nd5 23. Bg5 f6 24. Be3 Nxe3 25. fxe3 Rxe3 26. Bf3 Rde8 27. Qf2 Bf8 28. d5 Bc5 29. Kh1 Qf4 30. dxc6 Re1+ 31. Rxe1 Bxf2 32. Rxe8+ Kf7 33. Rxf2 Kxe8 34. cxb7 Qc1+ 35. Kh2 Qc7+ 36. g3 Qb6 37. Rc2 Ke7 38. Rc8 Qxb2+ 39. Bg2 Kd6 40. b8=Q+ Qxb8 41. Rxb8 Ke5 42. Rh8 h5 43. Rh7 a5 44. Ra7 Kd4 45. Rxa5 Ke3 46. Ra6 g5 47. Rxf6 h4 48. gxh4 gxh4 49. Rg6 1-0


[Site "https://www.chess.com"]

[Event "Titled Tuesday Blitz April 25 Early 2023"]
[White "Asavasaetakul, Chawit"]
[Black "Rozen, Eytan"]
[WhiteFideId "6204856"]
[BlackFideId "2816750"]
[WhiteElo "1919"]
[BlackElo "2451"]
[Result "0-1"]
[Round "04"]
[TimeControl "180+2"]
[Date "2023.04.25"]
[WhiteClock "0:00:24"]
[BlackClock "0:00:08"]

1. e4 c6 2. d4 d5 3. Nd2 dxe4 4. Nxe4 Nd7 5. Ng5 e6 6. Bd3 Ngf6 7. N1f3 Bd6 8. Qe2 h6 9. Ne4 Nxe4 10. Qxe4 Nf6 11. Qe2 O-O 12. Bd2 a5 13. O-O-O a4 14. g4 Nd5 15. Ne5 a3 16. b3 Bb4 17. c4 Nc3 18. Bxc3 Bxc3 19. Kc2 Bxd4 20. Nf3 c5 21. h4 Qa5 22. Qd2 Qxd2+ 23. Rxd2 e5 24. Rg1 f5 25. gxf5 Bxf5 26. Nxd4 exd4 27. Re1 Bxd3+ 28. Kxd3 Rf3+ 29. Kc2 Raf8 30. Re5 b6 31. Ree2 Rc3+ 32. Kd1 Rh3 33. Re6 d3 34. Re1 Rxh4 35. Rxd3 Rxf2 36. Rd2 Rxd2+ 37. Kxd2 Rh2+ 38. Kc3 Rxa2 39. Re8+ Kh7 40. Rb8 Rg2 41. Rxb6 a2 42. Ra6 h5 43. b4 cxb4+ 44. Kxb4 h4 45. c5 h3 46. c6 h2 47. c7 h1=Q 48. Rxa2 Qb1+ 49. Kc5 Qxa2 50. c8=Q Rc2+ 0-1


[Site "https://www.chess.com"]

[Event "Titled Tuesday Blitz April 25 Early 2023"]
[White "Sliwicka, Alicja"]
[Black "Goltsev, Dmitry"]
[WhiteFideId "1150677"]
[BlackFideId "24176710"]
[WhiteElo "2206"]
[BlackElo "2336"]
[Result "1-0"]
[Round "04"]
[TimeControl "180+2"]
[Date "2023.04.25"]
[WhiteClock "0:01:31"]
[BlackClock "0:01:25"]

1. e4 e6 2. d4 d5 3. e5 c5 4. c3 Nc6 5. Nf3 Qa5 6. Bd3 cxd4 7. O-O dxc3 8. Nxc3 Nge7 9. Re1 Ng6 10. h4 Bc5 11. h5 Nge7 12. h6 gxh6 13. Bxh6 Ng6 14. Ng5 Ncxe5 15. Bxg6 Nxg6 16. Nxd5 Qd8 17. Qf3 Rf8 18. Bxf8 Qxg5 19. Bxc5 Nh4 20. Nf6+ Kd8 21. Rad1+ Kc7 22. Ne8+ 1-0


[Site "https://www.chess.com"]

[Event "Titled Tuesday Blitz April 25 Early 2023"]
[White "Rustemov, Alexander"]
[Black "Sahib Singh"]
[WhiteFideId "4119002"]
[BlackFideId "25618342"]
[WhiteElo "2790"]
[BlackElo "1934"]
[Result "0-1"]
[Round "04"]
[TimeControl "180+2"]
[Date "2023.04.25"]
[WhiteClock "0:00:04"]
[BlackClock "0:00:10"]

1. d4 d5 2. c4 c6 3. Nc3 e6 4. e3 f5 5. Bd3 Nf6 6. Qc2 g6 7. Nge2 Bd6 8. Bd2 a6 9. f3 b5 10. c5 Bc7 11. O-O O-O 12. e4 fxe4 13. fxe4 b4 14. Na4 e5 15. exd5 cxd5 16. Bxg6 e4 17. Bf5 Bxh2+ 18. Kxh2 Bxf5 19. Rxf5 Ng4+ 20. Kg3 Rxf5 21. Kxg4 Qf6 22. Ng3 Rf2 23. Qc1 Rxg2 24. Bf4 Ra7 25. Kh3 Rf2 26. Bg5 Qe6+ 27. Nf5 Qxf5+ 28. Kg3 Qf3+ 0-1


[Site "https://www.chess.com"]

[Event "Titled Tuesday Blitz April 25 Early 2023"]
[White "Atakishiyev, Elmar"]
[Black "SashaKuzhilniy"]
[WhiteFideId "13410547"]
[WhiteElo "2239"]
[BlackElo "2569"]
[Result "1-0"]
[Round "04"]
[TimeControl "180+2"]
[Date "2023.04.25"]
[WhiteClock "0:00:52"]
[BlackClock "0:00:25"]

1. c4 e5 2. Nc3 Nc6 3. g3 f5 4. Bg2 Nf6 5. e3 d6 6. Nge2 Be7 7. O-O O-O 8. Rb1 a5 9. a3 Be6 10. d3 Qe8 11. b4 axb4 12. axb4 Qh5 13. b5 Nd8 14. f4 Kh8 15. h3 g5 16. fxg5 Qxg5 17. e4 Qg6 18. d4 fxe4 19. dxe5 dxe5 20. Bb2 Bxc4 21. Qc2 Bd3 22. Qb3 Bc5+ 23. Kh2 Qh6 24. Nxe4 Ng4+ 25. Kh1 Bxe4 26. Rxf8+ Bxf8 27. Nf4 Bxb1 28. Qd5 Bg7 29. Qd7 exf4 30. Qe8# 1-0


[Site "https://www.chess.com"]

[Event "Titled Tuesday Blitz April 25 Early 2023"]
[White "Bartel, Michal"]
[Black "Djordjevic, Vuk"]
[WhiteFideId "1119257"]
[BlackFideId "902098"]
[WhiteElo "2282"]
[BlackElo "2452"]
[Result "0-1"]
[Round "04"]
[TimeControl "180+2"]
[Date "2023.04.25"]
[WhiteClock "0:00:39"]
[BlackClock "0:00:05"]

1. e4 d5 2. exd5 Qxd5 3. Nc3 Qd6 4. d4 Nf6 5. Nge2 c6 6. Bf4 Qd8 7. Qd3 g6 8. O-O-O Bg7 9. f3 Na6 10. g4 Be6 11. Kb1 Qa5 12. Nc1 Rd8 13. Be5 O-O 14. Qe3 Nb4 15. a3 Nbd5 16. Nxd5 Nxd5 17. Qe1 Nc3+ 18. Qxc3 Qxc3 19. bxc3 Bxe5 20. Bd3 Bd6 21. Kb2 f5 22. gxf5 Bxf5 23. Be4 Bh3 24. Rd2 Rf6 25. Nd3 Kg7 26. Re1 e5 27. Nf2 exd4 28. cxd4 Bc8 29. c3 Bxh2 30. Ng4 Bxg4 31. fxg4 Bg3 32. Ree2 Bf4 33. Rd1 Rd7 34. Bg2 Bd6 35. Rde1 Rdf7 36. c4 Rf4 37. d5 Rxc4 38. dxc6 bxc6 39. Rc1 Rb7+ 40. Ka2 Rxc1 0-1


[Site "https://www.chess.com"]

[Event "Titled Tuesday Blitz April 25 Early 2023"]
[White "Csonka, Balazs"]
[Black "Guerrero Olmos, Sergio"]
[WhiteFideId "742910"]
[BlackFideId "2257238"]
[WhiteElo "2404"]
[BlackElo "2266"]
[Result "0-1"]
[Round "04"]
[TimeControl "180+2"]
[Date "2023.04.25"]
[WhiteClock "0:00:05"]
[BlackClock "0:00:05"]

1. c4 Nc6 2. g3 e5 3. Bg2 g6 4. Nc3 Bg7 5. e3 Nge7 6. Nge2 d6 7. O-O Be6 8. Nd5 Qd7 9. Rb1 h5 10. b4 h4 11. b5 Nd8 12. Nec3 Bh3 13. Qf3 Bg4 14. Nf6+ Bxf6 15. Qxf6 Rh5 16. f4 exf4 17. Rxf4 hxg3 18. hxg3 Rh7 19. Nd5 Ng8 20. Qd4 Ne6 21. Nf6+ Nxf6 22. Qxf6 Nxf4 23. Qxf4 Qf5 24. Qxf5 Bxf5 25. Rb3 O-O-O 26. e4 Bg4 27. Re3 Rdh8 28. Bb2 Re8 29. Bd4 b6 30. a4 Be6 31. Rc3 Kd7 32. a5 Rh5 33. d3 Rf8 34. axb6 axb6 35. Ra3 f5 36. exf5 Bxf5 37. Ra7 Bxd3 38. Bxb6 Bxc4 39. Bxc7 Ke6 40. b6 Rb5 41. b7 Rb1+ 42. Kh2 Rh8+ 43. Bh3+ Kd5 44. b8=Q Rbxb8 45. Bxb8 Rxb8 46. Ra5+ Bb5 47. Bf1 Kc5 48. Kh3 d5 49. Kg4 d4 50. Kg5 Kb4 51. Ra1 Bxf1 52. Rxf1 Rb6 53. g4 Kc3 54. Rf8 d3 55. Rc8+ Kd4 56. Rd8+ Ke4 57. Re8+ Kd5 58. Rd8+ Rd6 59. Ra8 d2 60. Ra1 Ke4 0-1


[Site "https://www.chess.com"]

[Event "Titled Tuesday Blitz April 25 Early 2023"]
[White "Martic, Ivan"]
[Black "Omranalhosani21"]
[WhiteFideId "929301"]
[WhiteElo "2360"]
[BlackElo "2762"]
[Result "1-0"]
[Round "04"]
[TimeControl "180+2"]
[Date "2023.04.25"]
[WhiteClock "0:00:09"]
[BlackClock "0:00:09"]

1. e4 c5 2. Be2 Nc6 3. f4 d5 4. d3 dxe4 5. dxe4 Qxd1+ 6. Bxd1 Nf6 7. e5 Nd5 8. c3 e6 9. Na3 a6 10. Nf3 Be7 11. O-O b5 12. Be2 c4 13. Nc2 O-O 14. Ncd4 Bb7 15. Nxc6 Bxc6 16. Nd4 Bc5 17. Kh1 Bxd4 18. cxd4 Rfd8 19. a3 Nb6 20. Be3 Na4 21. f5 Nxb2 22. f6 g6 23. h4 Be4 24. Rf4 Bf5 25. g4 Bd3 26. Bf3 Rac8 27. g5 c3 28. h5 c2 29. hxg6 Bxg6 30. Be2 Nc4 31. Bxc4 Rxc4 32. Kh2 a5 33. Kg3 b4 34. axb4 axb4 35. d5 Rc3 36. Kf2 b3 37. Rb4 exd5 38. Bc1 h5 39. Ra7 d4 40. e6 d3 41. e7 Re8 42. Rd7 b2 43. Rxb2 Rcc8 44. Rb6 Be4 45. Rbd6 Bc6 46. Rd8 Kh7 47. Rxd3 Kg6 48. Rxc8 Rxc8 49. Rd8 Rc7 50. e8=Q Bxe8 51. Rxe8 Rc3 52. Re3 Rc4 53. Rh3 h4 54. Ke2 Kh5 55. Rh1 Rg4 56. Kd3 Rg2 57. Be3 Kg4 58. g6 fxg6 59. f7 c1=Q 60. Bxc1 Rf2 61. Rg1+ Kh3 62. Rxg6 Rxf7 63. Be3 Rf3 64. Ke4 Rg3 65. Rh6 Rg4+ 66. Bf4 Kg2 67. Ra6 h3 68. Ra2+ Kf1 69. Kf3 Rxf4+ 70. Kxf4 h2 71. Rxh2 Kg1 72. Kg3 Kf1 73. Rg2 Ke1 74. Rf2 Kd1 75. Kf3 Ke1 76. Ke3 Kd1 77. Re2 Kc1 78. Rd2 Kb1 79. Kd3 Kc1 80. Kc3 Kb1 81. Rg2 Ka1 82. Kb3 Kb1 83. Rg1# 1-0


[Site "https://www.chess.com"]

[Event "Titled Tuesday Blitz April 25 Early 2023"]
[White "Weetik, Vjacheslav"]
[Black "Lund, Gunnar"]
[WhiteFideId "4153472"]
[BlackFideId "1520814"]
[WhiteElo "2469"]
[BlackElo "2233"]
[Result "1/2-1/2"]
[Round "04"]
[TimeControl "180+2"]
[Date "2023.04.25"]
[WhiteClock "0:00:04"]
[BlackClock "0:00:12"]

1. d4 Nf6 2. Bf4 d5 3. e3 c5 4. c3 Nc6 5. Nd2 e6 6. Bd3 Bd6 7. Bxd6 Qxd6 8. f4 cxd4 9. cxd4 O-O 10. Ngf3 Nb4 11. Bb1 Ng4 12. Nf1 f5 13. a3 Nc6 14. h3 Nf6 15. Ng3 b6 16. Ne5 Ne4 17. Bxe4 fxe4 18. O-O Ba6 19. Rf2 Nxe5 20. dxe5 Qe7 21. Qg4 Bd3 22. Rc1 Rac8 23. Rxc8 Rxc8 24. f5 exf5 25. Nxf5 Rc1+ 26. Kh2 Qxe5+ 27. g3 g6 28. Nh6+ Kg7 29. Rf7+ Kxh6 30. Qh4+ Qh5 31. Qf4+ g5 32. Qd6+ Qg6 33. Rf6 Rc2+ 34. Kg1 Rc1+ 35. Kh2 Rc2+ 36. Kg1 Rc1+ 37. Kg2 Rc2+ 38. Kg1 1/2-1/2


[Site "https://www.chess.com"]

[Event "Titled Tuesday Blitz April 25 Early 2023"]
[White "Postny, Evgeny"]
[Black "Hirneise, Jens"]
[WhiteFideId "2804344"]
[BlackFideId "24614734"]
[WhiteElo "2504"]
[BlackElo "2345"]
[Result "1-0"]
[Round "04"]
[TimeControl "180+2"]
[Date "2023.04.25"]
[WhiteClock "0:00:51"]
[BlackClock "0:00:25"]

1. e4 e5 2. Nf3 Nf6 3. Nxe5 d6 4. Nf3 Nxe4 5. Nc3 Nf6 6. d4 Be7 7. Bd3 O-O 8. O-O Nbd7 9. Re1 Re8 10. Ne2 Nf8 11. Ng3 Ng6 12. h3 Bf8 13. Bg5 Rxe1+ 14. Qxe1 h6 15. Be3 Bd7 16. c4 c6 17. Qb1 Ne7 18. Qc2 d5 19. c5 b6 20. Re1 bxc5 21. dxc5 Rb8 22. Bd4 Nc8 23. Nf5 Bxf5 24. Bxf5 Ne7 25. Bxf6 gxf6 26. Nd4 Rb4 27. Rd1 Rc4 28. Qe2 Rxd4 29. Rxd4 Nxf5 30. Qg4+ Ng7 31. b4 f5 32. Qf3 Ne6 33. Rd1 Qf6 34. a4 a5 35. bxa5 Bxc5 36. a6 Ng5 37. Qf4 Ne4 38. Qb8+ Kh7 39. a7 Bxa7 40. Qxa7 Qb2 41. Qxf7+ Kh8 42. Qf8+ Kh7 43. Qxf5+ Kh8 1-0


[Site "https://www.chess.com"]

[Event "Titled Tuesday Blitz April 25 Early 2023"]
[White "Papasimakopoulos, Alexandros"]
[Black "Gontcharov, Vladislav"]
[WhiteFideId "4244125"]
[BlackFideId "4123492"]
[WhiteElo "2359"]
[BlackElo "2420"]
[Result "0-1"]
[Round "04"]
[TimeControl "180+2"]
[Date "2023.04.25"]
[WhiteClock "0:00:22"]
[BlackClock "0:00:11"]

1. d4 Nf6 2. c4 c5 3. Nf3 cxd4 4. Nxd4 e5 5. Nf3 Nc6 6. Nc3 Bb4 7. Bd2 e4 8. Ng5 Qe7 9. a3 Bc5 10. e3 h6 11. Nh3 g5 12. b4 Bd6 13. Be2 O-O 14. Qc2 a5 15. Nd5 Nxd5 16. cxd5 Nd8 17. bxa5 Bxa3 18. O-O Bd6 19. Bc3 Re8 20. Bg4 Be5 21. Rfc1 d6 22. Qd1 Bxg4 23. Qxg4 f6 24. Qxe4 Kg7 25. Bxe5 Qxe5 26. Rc7+ Nf7 27. Qxe5 Rxe5 28. e4 Rxe4 29. Rxb7 Rxa5 30. Rf1 Rxd5 31. g3 Red4 32. Kg2 Rd1 33. Ng1 Rxf1 34. Kxf1 Kg6 35. Ne2 Ne5 36. h3 Rd3 37. Ra7 h5 38. Ra6 Kf5 39. Ra4 d5 40. Ra5 Nc4 41. Ra8 Rd1+ 42. Kg2 Rd2 43. Kf1 d4 44. Rd8 Ke4 45. Re8+ Ne5 46. f4 Kf3 47. Ng1+ Kxg3 48. fxe5 Rd1+ 49. Ke2 Rxg1 50. exf6 Rg2+ 51. Kd3 Rf2 52. Rf8 Kxh3 53. Kxd4 g4 54. Ke5 g3 55. Rh8 h4 56. Rg8 g2 57. Ke6 Kh2 58. f7 Rxf7 59. Kxf7 g1=Q 60. Rxg1 Kxg1 61. Kg6 h3 62. Kg5 h2 63. Kg4 h1=Q 64. Kg3 Qg2+ 65. Kf4 Qh3 66. Ke4 Kf2 67. Kd4 Qg4+ 68. Kd5 Ke3 69. Kc5 Qf5+ 70. Kc4 Qe5 71. Kb4 Qc7 72. Kb5 Kd4 73. Ka6 Qb8 0-1


[Site "https://www.chess.com"]

[Event "Titled Tuesday Blitz April 25 Early 2023"]
[White "Yaniuk, Volodymyr"]
[Black "Deepan Chakkravarthy J."]
[WhiteFideId "14133083"]
[BlackFideId "5011132"]
[WhiteElo "2141"]
[BlackElo "2367"]
[Result "0-1"]
[Round "04"]
[TimeControl "180+2"]
[Date "2023.04.25"]
[WhiteClock "0:00:07"]
[BlackClock "0:00:49"]

1. d4 d6 2. c4 g6 3. Nf3 Bg7 4. g3 Nf6 5. Bg2 O-O 6. O-O c5 7. Nc3 Nc6 8. d5 Na5 9. Nd2 a6 10. a3 b5 11. cxb5 axb5 12. Nxb5 Ba6 13. Nc3 Nd7 14. Qc2 Nc4 15. Rd1 Qa5 16. Nxc4 Bxc4 17. Bd2 Rfb8 18. Rdb1 Qa6 19. Be1 Rb3 20. h3 Rab8 21. a4 Bd4 22. Nb5 Bxb5 23. Qxb3 Bxe2 24. Qa3 c4 25. Bc3 Rb3 26. Bxd4 Rxa3 27. Rxa3 Bd3 28. Rc1 e5 29. dxe6 fxe6 30. b3 d5 31. bxc4 Bxc4 32. Raa1 e5 33. Be3 d4 34. Bh6 Nc5 35. Rab1 Nb3 36. Rc2 Kf7 37. Rcb2 Qxa4 38. Bg5 Ke6 39. h4 Kd6 40. Re1 Bd5 41. Bf6 Bxg2 42. Bxe5+ Kd5 43. Kxg2 Nc5 44. Bf4 Nd3 45. Reb1 Nxb2 46. Rxb2 d3 47. Rd2 Qe4+ 48. f3 Qd4 49. Kh2 Kc4 50. Kg2 Kc3 51. Kh3 Qxf4 52. Rxd3+ Kxd3 53. gxf4 h5 54. f5 gxf5 55. Kg2 Ke3 56. Kg3 f4+ 57. Kg2 Ke2 58. Kh3 Kxf3 59. Kh2 Ke2 60. Kg2 f3+ 61. Kh2 f2 62. Kg3 f1=Q 0-1


[Site "https://www.chess.com"]

[Event "Titled Tuesday Blitz April 25 Early 2023"]
[White "Liyanage, Ranindu Dilshan"]
[Black "Toropov, Pavel"]
[WhiteFideId "9915834"]
[BlackFideId "24129178"]
[WhiteElo "2199"]
[BlackElo "2182"]
[Result "1/2-1/2"]
[Round "04"]
[TimeControl "180+2"]
[Date "2023.04.25"]
[WhiteClock "0:00:06"]
[BlackClock "0:00:15"]

1. e4 e6 2. d4 d5 3. Nc3 dxe4 4. Nxe4 Nd7 5. Nf3 Ngf6 6. Nxf6+ Nxf6 7. g3 b6 8. Bg2 Bb7 9. O-O Be7 10. c3 O-O 11. Qe2 c5 12. Rd1 Qc8 13. Bg5 c4 14. Re1 Bd5 15. Ne5 Qb7 16. Bxd5 Nxd5 17. Bxe7 Qxe7 18. Qxc4 Rac8 19. Qd3 Rfd8 20. Rad1 h6 21. Qf3 Qc7 22. Re4 b5 23. Rg4 a6 24. Re1 Re8 25. Rge4 Nf6 26. Rf4 Qe7 27. Nc6 Qc7 28. Ne5 Qe7 29. h4 Rc7 30. g4 Rf8 31. g5 Nd5 32. Rfe4 hxg5 33. hxg5 Qxg5+ 34. Rg4 Qf5 35. Qg3 f6 36. Ng6 Re8 37. Nh4 Qh5 38. Ng2 Rce7 39. Rh4 Qf5 40. Rg4 Kf8 41. Nh4 Qh5 42. Ng6+ Kf7 43. Nxe7 Kxe7 44. Rxg7+ Kf8 45. Rg8+ Ke7 46. Rxe8+ Kxe8 47. Rxe6+ Kf7 48. Re1 Qf5 49. Qg2 Nf4 50. Qg3 Nh5 51. Qc7+ Kg6 52. Qh2 Nf4 53. Qg3+ Kf7 54. Re3 Qb1+ 55. Kh2 Qh7+ 56. Kg1 Qb1+ 57. Kh2 Qh7+ 58. Kg1 Qb1+ 1/2-1/2


[Site "https://www.chess.com"]

[Event "Titled Tuesday Blitz April 25 Early 2023"]
[White "Wong, Yinn Long"]
[Black "Weishaeutel, Moritz"]
[WhiteFideId "5707684"]
[BlackFideId "12967300"]
[WhiteElo "2271"]
[BlackElo "2301"]
[Result "0-1"]
[Round "04"]
[TimeControl "180+2"]
[Date "2023.04.25"]
[WhiteClock "0:01:59"]
[BlackClock "0:01:58"]

1. d4 Nf6 2. Nc3 d5 3. Bf4 c5 4. e4 cxd4 5. Qxd4 Nc6 6. Bb5 Bd7 7. Bxc6 Bxc6 8. e5 Nd7 9. Nxd5 Nb6 10. c4 e6 11. Bg5 Qd7 12. Nf3 exd5 13. c5 Nc8 14. e6 fxe6 15. Ne5 Qc7 16. Qg4 Qxe5+ 17. Kd2 Bxc5 18. Rhe1 Qxb2+ 0-1


[Site "https://www.chess.com"]